 Dungeon Crawl Stone Soup version 0.25-a0-403-g49d089a (webtiles) character file.

Game seed: 13761175308882759644, levelgen mode: deterministic

31 Birdy the Sneak (level 3, -2/24 HPs)
             Began as a Halfling Assassin on Jan 9, 2020.
             Slain by a killer bee (3 damage)
             ... on level 2 of the Dungeon.
             The game lasted 00:02:03 (1476 turns).

Birdy the Sneak (Halfling Assassin)                 Turns: 1476, Time: 00:02:03

Health: -2/24      AC:  4    Str: 12    XL:     3   Next: 40%
Magic:  3/3        EV: 15    Int:  9    God:
Gold:   46         SH:  0    Dex: 16    Spells: 2/2 levels left

rFire    . . .     SeeInvis .   a - +2 dagger
rCold    . . .     Gourm    .   (shield restricted)
rNeg     + . .     Faith    .   b - +0 robe
rPois    .         Spirit   .   i - +0 helmet
rElec    .         Reflect  .   c - +0 cloak
rCorr    .         Harm     .   (no gloves)
MR       .....                  (no boots)
Stlth    +++.......             (no amulet)
HPRegen  0.08/turn              g - ring of positive energy
MPRegen  0.08/turn              (no ring)

@: hasted, very quick
A: small, mutation resistance 1
a: no special abilities


You were on level 2 of the Dungeon.
You were not hungry.

You visited 1 branch of the dungeon, and saw 2 of its levels.

You collected 46 gold pieces.

Inventory:

Hand Weapons
 a - a +2 dagger (weapon)
Missiles
 d - 26 poisoned darts (quivered)
 h - a throwing net
Armour
 b - a +0 robe (worn)
 c - a +0 cloak (worn)
 i - a +0 helmet (worn)
Jewellery
 g - a ring of positive energy (left hand)
 k - an uncursed amulet of the gourmand {unknown}
Comestibles
 f - 3 rations
 l - 5 chunks of flesh


   Skills:
 - Level 2.0 Fighting
 + Level 3.0 Short Blades
 - Level 2.0 Throwing
 + Level 1.2 Armour
 + Level 1.8 Dodging
 + Level 4.7 Stealth


You had 2 spell levels left.
You didn't know any spells.
Your spell library was empty.

Dungeon Overview and Level Annotations

Branches:
Dungeon (2/15)

Altars:


Innate Abilities, Weirdness & Mutations

You are small and have problems with some larger weapons.
You are somewhat resistant to further mutation.


Message History

The killer bee is poisoned.
The killer bee convulses.
The killer bee seems to slow down.
The killer bee is moderately wounded.
The killer bee stings you.
* * * LOW HITPOINT WARNING * * *
Throwing (i - inventory. (/) - cycle)
e - a curare-tipped dart (quivered)
Press: ? - help, Shift-Dir - straight line, f/p - killer bee
Aim: a killer bee You throw a curare-tipped dart.
The curare-tipped dart closely misses the killer bee.
The curare-tipped dart barely misses the killer bee.
The killer bee completely misses you.
Throwing (i - inventory. (/) - cycle)
d - 27 poisoned darts (quivered)
Press: ? - help, Shift-Dir - straight line, f/p - killer bee
Aim: a killer bee You throw a poisoned dart.
The poisoned dart misses the killer bee.
The poisoned dart closely misses the killer bee.
The killer bee closely misses you. The killer bee stings you.
You die...

,,* *,*
*,*,,*****,,*,*,,,,,* *,*
*,***.#.).....,$#.#,,,,,*
*,*
*,*,,,.y.y...##.#.#,.,,,*
*,*
*,*,**#yS....#....#.*,***
*,* *,#,* #........#...,*,*
*,***,#.###......#...#***,*
,*,,,,...........##.## *,*
#,***,#.#......###...####.#
,,,,,,..(...$.yy@........(#
******############...######
#.....## ### #.##### ##.##
#.# ###.#.## #.# ...###.#
#.# ###.#.#########.#
#.............#


You could see 2 killer bees.

Vanquished Creatures
  A worm (D:2)
  A dart slug (D:1)
  2 bats (D:1)
  2 giant cockroaches (D:1)
  4 hobgoblins (D:1)
  4 jackals (D:2)
  A frilled lizard (D:1)
  2 goblins (D:1)
  2 kobolds (D:1)
  A leopard gecko skeleton (D:2)
  4 rats
24 creatures vanquished.

Notes
Turn   | Place    | Note
-------+----------+-------------------------------------------
     0 | D:1      | Birdy the Halfling Assassin began the quest for the Orb.
     0 | D:1      | Reached XP level 1. HP: 14/14 MP: 1/1
   118 | D:1      | Reached XP level 2. HP: 9/19 MP: 2/2
   972 | D:1      | Reached skill level 1 in Armour
   972 | D:1      | Reached XP level 3. HP: 24/24 MP: 3/3
  1465 | D:2      | Noticed a killer bee
  1465 | D:2      | Noticed a killer bee
  1466 | D:2      | Noticed a killer bee
  1469 | D:2      | Noticed a killer bee
  1469 | D:2      | Noticed a killer bee
  1474 | D:2      | HP: 1/24 [killer bee (5)]
  1476 | D:2      | Slain by a killer bee

Levels and vault maps discovered:
D:1:      dpeg_arrival_chase, layout_basic, minmay_misc_feat_columns
D:2:      layout_loops_ring, minmay_stone_trees_small

Skill      XL: |  1  2  3 |
---------------+----------+-----
Fighting       | 2 |  2.0
Armour         | 1 |  1.2
Short Blades   | 3 |  3.0
Throwing       | |  2.0
Dodging        | |  1.8
Stealth        | |  4.7

Action                   || total
-------------------------++-------
Melee: Dagger            ||   100
Throw: Dart              ||     3
  Use: Scroll            ||     3
       Potion            ||     1
 Stab: Sleeping          ||     3
  Eat: Chunk             ||     2
Armor: Robe              ||    18
Dodge: Dodged            ||    78

Table legend:
 A = Non-vault XP
 B = Vault XP
 C = Vault XP percentage of total XP
 D = Non-vault monster count
 E = Vault monster count
 F = Vault count percentage of total count
                 A         B        C        D         E       F
            +---------+---------+-------+---------+---------+-------
      Total |      45 |       0 |   0.0 |      24 |       0 |   0.0
            +---------+---------+-------+---------+---------+-------
        D:1 |      30 |       0 |   0.0 |      17 |       0 |   0.0
        D:2 |      15 |       0 |   0.0 |       7 |       0 |   0.0
            +---------+---------+-------+---------+---------+-------
